 Dungeon Crawl Stone Soup version 0.28.0-45-g0d030f2227 (webtiles) character file.

Game seed: 7519365367595505768

40 morgulsword the Skirmisher (level 3, -11/34 HPs)
             Began as a Hill Orc Monk on Apr 14, 2022.
             Mangled by a gnoll
             ... wielding a +0 flail
              (16 damage)
             ... on level 2 of the Dungeon.
             The game lasted 00:09:49 (1209 turns).

morgulsword the Skirmisher (Hill Orc Monk)          Turns: 1209, Time: 00:09:50

Health: -11/34     AC:  5    Str: 15    XL:     3   Next: 50%
Magic:  3/3        EV: 11    Int: 10    God:
Gold:   49         SH:  0    Dex: 13    Spells: 2/2 levels left

rFire   . . .      SeeInvis .   a - +0 hand axe
rCold   . . .      Faith    .   (no shield)
rNeg    . . .      Spirit   .   j - +0 ring mail
rPois   .          Reflect  .   (no helmet)
rElec   .          Harm     .   (no cloak)
rCorr   .          Rampage  .   (no gloves)
Will    .....                   (no boots)
Stlth   +.........              (no amulet)
HPRegen 0.11/turn               (no ring)
MPRegen 0.08/turn               (no ring)

@: no status effects
A: no striking features
a: no special abilities


You were on level 2 of the Dungeon.
You visited 1 branch of the dungeon, and saw 2 of its levels.

You collected 49 gold pieces.

Inventory:

Hand Weapons
 a - a +0 hand axe (weapon)
 g - a +0 hunting sling of freezing
Missiles
 c - 47 stones (quivered)
 d - 27 sling bullets
 f - 8 poisoned darts
Armour
 b - a +0 robe
 j - a +0 ring mail (worn)
Scrolls
 h - a scroll of identify {unknown}
 i - a scroll of fog {unknown}
Potions
 e - 2 potions of heal wounds {unknown}


   Skills:
 * Level 4.6 Fighting
 + Level 4.5 Axes
 + Level 1.4 Armour
 - Level 2.4 Dodging
 - Level 1.5 Stealth


You had 2 spell levels left.
You didn't know any spells.
Your spell library contained the following spells:

 Spells                   Type           Power      Damage    Failure   Level
 Gell's Gravitas          Tloc           0%         N/A       91%         3
 Teleport Other           Tloc           0%         N/A       91%         3
 Dispersal                Tloc           0%         N/A       100%        6


Dungeon Overview and Level Annotations

Branches:
Dungeon (2/15)

Altars:

Shops:
D:1 [


Message History

You barely miss the hobgoblin.
The hobgoblin hits you but does no damage.
The hobgoblin misses you.
You hit the hobgoblin.
The hobgoblin is moderately wounded.
A gnoll comes into view. It is wielding a +0 halberd.
The hobgoblin completely misses you.
Press: ? - help, v - describe, . - travel
Here: a gnoll, wielding a +0 halberd (wandering, hasn't noticed you)
The floor.
There are monsters nearby!
Cleave: a) +0 hand axe
Press: ? - help, Dir - move target, p - gnoll Your weapon can't reach that far!
Okay, then.
Press: ? - help, v - describe, . - travel
Here: a gnoll, wielding a +0 halberd (wandering, hasn't noticed you)
The floor.
The gnoll shouts!
You hit the hobgoblin.
You kill the hobgoblin!
You hit the gnoll.
The gnoll is heavily wounded.
The gnoll hits you with a +0 flail.
You barely miss the gnoll.
The gnoll is heavily wounded.
The gnoll hits you with a +0 flail!
You closely miss the gnoll.
The gnoll is heavily wounded.
The gnoll drinks a potion.
The gnoll seems to grow stronger.
You closely miss the gnoll.
The gnoll is heavily wounded.
The gnoll hits you with a +0 flail!
* * * LOW HITPOINT WARNING * * *
The gnoll closely misses you. The gnoll barely misses you. x2
There is a stone staircase leading up here.
You can't go down here!
The gnoll hits you with a +0 flail!
You die...

###..# ...
#.((.##....g
##(##.((.....
#.รท####..g...
###$## ...... #
##...# .....
###.####.g### ##...
#.......g######....
...
.##...)@..[....# ##
#.....########
#.....# #######


You could see 2 gnolls.

Vanquished Creatures
  A gnoll (D:2)
  A worm (D:2)
  2 ball pythons (D:2)
  4 bats
  2 endoplasms (D:1)
  2 giant cockroaches
  4 hobgoblins
  A quokka (D:1)
  A frilled lizard (D:1)
  3 goblins
  3 kobolds
24 creatures vanquished.

Notes
Turn   | Place    | Note
-------+----------+-------------------------------------------
     0 | D:1      | morgulsword the Hill Orc Monk began the quest for the Orb.
     0 | D:1      | Reached XP level 1. HP: 19/19 MP: 1/1
   139 | D:1      | Found a faded altar of an unknown god.
   147 | D:1      | Found Quiwn's Antique Armour Shoppe.
   380 | D:1      | Reached XP level 2. HP: 27/27 MP: 2/2
   521 | D:1      | Reached skill level 1 in Armour
   868 | D:2      | Reached XP level 3. HP: 21/34 MP: 3/3
  1209 | D:2      | Mangled by a gnoll

Illustrated notes

Levels and vault maps discovered:
D:1:      dpeg_arrival_pond, layout_basic, chequers_ecumenical_altar_island,
          serial_shops, shop_statue
D:2:      layout_rooms, amcnicky_mini_rare_corridor_liquid, grunt_ministairs_11,
          grunt_decor_fettered

Skill      XL: |  1  2 |
---------------+-------+-----
Fighting       | 4 |  4.6
Armour         | 1 |  1.4
Axes           | |  4.5
Dodging        | |  2.4
Stealth        | |  1.5

Action                   || total
-------------------------++-------
Melee: Hand axe          ||    60
 Fire: Hunting sling     ||    15
Throw: Stone             ||    38
Armor: Robe              ||     7
       Ring mail         ||    14
Dodge: Dodged            ||    30
